Map: Sentinel LE

Players

Ivadios - Winner!

  • Race: Terran Terran
  • League: Bronze
  • Spawn Location: 9:00

Arthas - Winner!

  • Race: Protoss Protoss
  • Spawn Location: 9:00

Duffman - Winner!

  • Race: Terran Terran
  • Spawn Location: 12:00

Colgate

  • Race: Zerg Zerg
  • Spawn Location: 6:00

Anacist

  • Race: Terran Terran
  • Spawn Location: 5:00

Dimfa

  • Race: Terran Terran
  • Spawn Location: 5:00

VOD

Have the link to the VOD?

Description

Time

  • Played on: June 5, 2020, 1:22 p.m.
  • Length: 3:45
Show
View Real Time Build Order
Export as new Build Order

Ivadios Terran - Winner!

Build Orders:  

Get SALT Encoding   

  12  0:04  SCV  
  13  0:16  SCV  
  14  0:28  Supply Depot  
  14  0:58  Barracks  
  14  1:20  Barracks  
  14  1:28  SCV  
  15  1:40  SCV  
  15  1:46  Barracks  
  16  1:52  SCV  
  17  2:05  Marine  
  17  2:08  Barracks  
  18  2:23  Marine  
  19  2:34  SCV  
  20  2:37  Marine x2  
  20  2:40  Marine  
  20  2:42  Supply Depot  
  23  3:03  Marine x3  
  23  3:04  SCV  
  27  3:06  Supply Depot  
  27  3:21  Marine x3  
  30  3:30  Supply Depot  
Show
View Real Time Build Order
Export as new Build Order

Arthas Protoss - Winner!

Build Orders:  

Get SALT Encoding   

  12  0:01  Probe  
  13  0:15  Pylon  
  13  0:18  Probe  
  14  0:30  Probe (Chrono Boost)  
  15  0:41  Probe (Chrono Boost)  
  16  0:42  Forge  
  16  0:46  Probe (Chrono Boost)  
  17  0:55  Pylon  
  17  1:08  Probe  
  18  1:21  Photon Cannon  
  18  1:37  Pylon  
  18  1:56  Pylon  
  18  1:57  Photon Cannon  
  18  2:01  Photon Cannon  
  18  2:11  Photon Cannon  
  18  2:13  Photon Cannon  
  18  2:24  Photon Cannon  
  18  2:25  Photon Cannon  
  17  2:36  Photon Cannon  
  17  2:49  Gateway  
  17  2:55  Pylon  
  17  3:08  Pylon  
  17  3:19  Assimilator  
  17  3:20  Probe (Chrono Boost), Assimilator  
  18  3:29  Probe (Chrono Boost)  
Show
View Real Time Build Order
Export as new Build Order

Duffman Terran - Winner!

Build Orders:  

Get SALT Encoding   

  12  0:01  SCV  
  13  0:13  SCV  
  14  0:20  Supply Depot  
  14  0:25  SCV  
  15  0:43  Barracks  
  15  0:52  Barracks  
  15  0:59  Barracks  
  15  1:20  Barracks  
  15  1:32  Marine  
  16  1:37  Barracks  
  16  1:50  Marine  
  17  1:56  Supply Depot  
  17  1:57  Marine  
  17  1:59  Marine  
  19  2:08  Marine  
  20  2:14  Marine  
  22  2:17  Marine  
  22  2:24  Marine  
  22  2:26  Marine  
  24  2:32  Marine  
  24  2:33  Marine  
  24  2:34  Marine  
  27  2:41  Marine  
  27  2:42  Supply Depot  
  27  2:44  Marine  
  29  2:50  Marine  
  30  2:52  Marine  
  31  3:03  Marine  
  32  3:06  Marine x2  
  32  3:08  Marine  
  32  3:12  Marine  
  36  3:21  Marine  
  37  3:24  Marine  
Show
View Real Time Build Order
Export as new Build Order

Colgate Zerg 

Build Orders: Pool Only 

Get SALT Encoding   

  12  0:05  Drone  
  13  0:13  Drone  
  14  0:39  Spawning Pool  
  14  0:40  Overlord  
  14  0:41  Drone  
  14  1:00  Drone x2  
  16  1:04  Extractor  
  15  1:12  Drone  
  15  1:18  Drone  
  17  1:19  Extractor  
  17  1:25  Drone  
  17  1:38  Drone  
  18  1:48  Drone  
  19  1:54  Spine Crawler  
  17  2:08  Spine Crawler  
  16  2:18  Drone, Zergling x4  
  15  3:19  Spine Crawler  
Show
View Real Time Build Order
Export as new Build Order

Anacist Terran 

Build Orders:  

Get SALT Encoding   

  12  0:03  SCV  
  13  0:19  SCV, Supply Depot  
  14  0:31  SCV  
  15  0:43  Barracks  
  15  0:46  SCV  
  16  0:58  SCV  
  17  1:06  Barracks  
  17  1:10  SCV  
  18  1:13  Refinery  
  18  1:34  Marine  
  19  1:41  Barracks  
  19  1:58  Marine x2  
  21  2:05  SCV  
  22  2:10  Barracks  
  20  2:46  Barracks Tech Lab  
  21  2:51  SCV  
  21  3:05  Marauder  
  22  3:06  Marine  
  23  3:13  Supply Depot  
Show
View Real Time Build Order
Export as new Build Order

Dimfa Terran 

Build Orders:  

Get SALT Encoding   

  12  0:01  SCV  
  13  0:17  Supply Depot  
  13  0:44  Barracks  
  13  0:51  Barracks  
  13  0:52  SCV  
  14  1:04  SCV  
  14  1:05  Refinery  
  15  1:17  SCV  
  16  1:26  Supply Depot  
  16  1:29  SCV  
  16  1:31  Marine  
  18  1:39  Barracks  
  18  1:41  SCV  
  19  1:53  SCV  
  20  2:04  Marine  
  20  2:05  SCV, Marine  
  23  2:30  Marine x3  
  24  2:48  Marine x3  
  27  2:56  Supply Depot  
  20  3:06  Marine x3  
Tags
 
Add a new tag
Caveats
  • Supply blocks, unpowered buildings, or Contaminate may cause inaccurate times.
  • Supply counts are checked every 10 seconds.